 Dungeon Crawl Stone Soup version 0.23.2-1-ga50397a (webtiles) character file.

Game seed: 6423541869062341339

98 MalarOregon the Chiller (level 4, -4/35 HPs)
             Began as a Ghoul Ice Elementalist on June 2, 2019.
             Was an Initiate of Makhleb.
             Slain by a hippogriff (9 damage)
             ... on level 3 of the Dungeon.
             The game lasted 00:07:08 (3563 turns).

MalarOregon the Chiller (Ghoul Ice Elementalist)    Turns: 3563, Time: 00:07:08

Health: -4/35      AC:  2    Str:  9 (11) XL:     4   Next: 71%
Magic:  3/6        EV: 11    Int: 11      God:    Makhleb [......]
Gold:   78         SH:  0    Dex:  6 (9)  Spells: 2/7 levels left

rFire    . . .     SeeInvis .     - Unarmed
rCold    + . .     Gourm    .   (no shield)
rNeg     + + +     Faith    .   a - +0 robe
rPois    ∞         Spirit   .   (no helmet)
rElec    .         Reflect  .   (no cloak)
rCorr    .         Harm     .   (no gloves)
MR       .....                  (no boots)
Stlth    ++........             (no amulet)
HPRegen  0.00/turn              (no ring)
MPRegen  0.10/turn              (no ring)

@: rotting
A: rotting body, claws 1, carnivore, cold resistance 1, negative energy
resistance 3, inhibited regeneration, torment resistance, unbreathing
a: Renounce Religion


You were on level 3 of the Dungeon.
You worshipped Makhleb.
Makhleb was noncommittal.
You were not hungry.

You visited 1 branch of the dungeon, and saw 3 of its levels.

You collected 78 gold pieces.

Inventory:

Armour
 a - a +0 robe (worn)
Wands
 f - a wand of scattershot (6)
   (You found it on level 3 of the Dungeon)
Scrolls
 b - 3 scrolls of identify {unknown}
 c - a scroll of magic mapping {unknown}
 d - 2 scrolls of remove curse {unknown}
 h - a scroll of noise {unknown}
 j - a scroll of amnesia {unknown}
Potions
 i - a potion of heal wounds {@q2}
Comestibles
 e - 5 rations {!d}
 g - a chunk of flesh


   Skills:
 + Level 1.0 Fighting
 - Level 1.7 Dodging
 + Level 2.6 Stealth
 + Level 1.0 Unarmed Combat
 + Level 2.0 Spellcasting
   Level 0.7 Conjurations
 * Level 5.0 Ice Magic
 + Level 0.3 Invocations


You had 2 spell levels left.
You knew the following spells:

 Your Spells              Type           Power        Failure   Level  Hunger
a - Freeze                Ice            ##..         3%          1    ##.....
d - Summon Ice Beast      Ice/Summ       #.......     71%         4    #####..

Your spell library contained the following spells:

 Spells                   Type           Power        Failure   Level  Hunger
 Throw Frost              Conj/Ice       #.....       14%         2    ###....
 Ozocubu's Armour         Chrm/Ice       #.......     30%         3    ####...
 Throw Icicle             Conj/Ice       #.......     65%         4    #####..


Dungeon Overview and Level Annotations

Branches:
Dungeon (3/15)

Altars:
Makhleb
Qazlal
Uskayaw
Yredelemnul

Annotations:
D:2 1 runed translucent door, Crazy Yiuf
D:3 exclusion: gnoll, Ijyb


Innate Abilities, Weirdness & Mutations

Your body is rotting away.
You thrive on raw meat.
You are immune to poison.
You have sharp fingernails.
You are carnivorous and can eat meat at any time.
Your flesh is cold resistant. (rC+)
You are immune to negative energy. (rN+++)
You do not regenerate when monsters are visible.
You are immune to unholy pain and torment.
You can survive without breathing.


Message History

You scratch the hobgoblin.
You feel your flesh rotting away.
The hobgoblin hits you but does no damage.
You scratch the hobgoblin. The hobgoblin hits you with a +0 club.
You scratch the hobgoblin but do no damage.
The hobgoblin hits you but does no damage.
You scratch the hobgoblin.
You kill the hobgoblin!
Makhleb accepts your kill.
Your Fighting skill increases to level 1!
Eating one of 2 chunks of flesh.
You eat one of the 2 chunks of flesh.
You feel more resilient.
This raw flesh tastes great!
You see here a +0 club.
j - a scroll labeled QULONE CIEHEUD You see here a +0 club.
Found a scroll labeled XOIFUU CYRAINN.
A frilled lizard comes into view.
The frilled lizard hisses angrily.
You see here a scroll labeled XOIFUU CYRAINN.
A frilled lizard is nearby!
A frilled lizard is nearby!
The frilled lizard bites you.
You scratch the frilled lizard.
You kill the frilled lizard!
Makhleb accepts your kill.
No target in view!
b - 3 scrolls labeled XOIFUU CYRAINN (gained 1)
A hippogriff comes into view.
The hippogriff screeches!
Found three items.
A hippogriff is nearby!
A hippogriff is nearby!
It was a potion of heal wounds.
You feel much better.
Okay, then.
Okay, then.
A rat comes into view. x2
Aim: a hippogriff You freeze the hippogriff.
The hippogriff bites you.
The hippogriff pecks you but does no damage.
The hippogriff closely misses you.
Aim: a hippogriff (lightly wounded)
You freeze the hippogriff. The hippogriff bites you!
The hippogriff barely misses you. The hippogriff claws you.
Aim: a hippogriff (lightly wounded)
You freeze the hippogriff. The hippogriff bites you!
* * * LOW HITPOINT WARNING * * *
The hippogriff barely misses you. The hippogriff claws you.
* * * LOW HITPOINT WARNING * * *
The hippogriff bites you!
You die...

...# #÷.........
##.########..........
.....................
.#.#.................
.........#..#...#..#.
.#.#....#....#.#....#
##.##################
.##.## ##.###...###.##
####.###.#.#.###@Hr#.#
.####...###.########r#
#.##.#### ##.##..##.##
##..## ##..###.## ####
#####.# .r. ≈≈≈ ≈≈≈≈≈
.$)?


You could see a hippogriff and a rat.

Vanquished Creatures
  An adder (D:3)
  3 oozes
  2 worms
  3 leopard geckos
  A ball python (D:2)
  4 bats
  3 giant cockroaches (D:2)
  10 goblins
  9 hobgoblins
  7 jackals
  5 kobolds
  A quokka (D:3)
  5 frilled lizards
  9 rats
63 creatures vanquished.

Notes
Turn   | Place    | Note
-------+----------+-------------------------------------------
     0 | D:1      | MalarOregon the Ghoul Ice Elementalist began the quest for
                  | the Orb.
     0 | D:1      | Reached XP level 1. HP: 14/14 MP: 2/2
   625 | D:1      | Reached XP level 2. HP: 13/18 MP: 1/3
   760 | D:1      | Reached skill level 4 in Ice Magic
  1121 | D:1      | Reached XP level 3. HP: 26/26 MP: 2/4
  1963 | D:2      | Found a hide-covered altar of Uskayaw.
  1963 | D:2      | Found a basalt altar of Yredelemnul.
  1963 | D:2      | Found a burning altar of Makhleb.
  1979 | D:2      | Became a worshipper of Makhleb the Destroyer
  2103 | D:2      | Reached XP level 4. HP: 34/34 MP: 2/5
  2340 | D:2      | Found a runed translucent door.
  2341 | D:2      | Noticed Crazy Yiuf
  2349 | D:2      | Learned a level 4 spell: Summon Ice Beast
  3177 | D:3      | Reached skill level 5 in Ice Magic
  3192 | D:3      | Found a stormy altar of Qazlal.
  3193 | D:3      | Noticed an air elemental
  3393 | D:3      | Reached skill level 1 in Unarmed Combat
  3438 | D:3      | Noticed Ijyb
  3499 | D:3      | Reached skill level 1 in Fighting
  3552 | D:3      | Noticed a hippogriff
  3563 | D:3      | Slain by a hippogriff

Skill      XL: |  1  2  3  4 |
---------------+-------------+-----
Ice Magic      | 4 5 |  5.0
Spellcasting   | 2 |  2.0
Unarmed Combat | 1 |  1.0
Fighting       | 1 |  1.0
Dodging        | |  1.7
Stealth        | |  2.6
Conjurations   | |  0.7
Invocations    | |  0.3

Action                   |  1- 3 |  4- 6 || total
-------------------------+-------+-------++-------
Melee: Unarmed           |    43 |    52 ||    95
 Cast: Freeze            |    55 |    29 ||    84
  Use: Potion            |       |     3 ||     3
 Stab: Sleeping          |     3 |     2 ||     5
  Eat: Chunk             |    12 |     6 ||    18
Armor: Robe              |    17 |    15 ||    32
Dodge: Dodged            |    44 |    36 ||    80
